 Dungeon Crawl Stone Soup version 0.16.1-2-g95b8d4c (webtiles) character file.

297 karlm the Chucker (level 6, -4/63 HPs)
             Began as an Ogre Hunter on Mar 25, 2015.
             Was an Initiate of Trog.
             Slain by McCoppin's ghost (8 damage)
             ... on level 4 of the Dungeon.
             The game lasted 00:16:58 (6080 turns).

karlm the Chucker (Ogre Hunter)                     Turns: 6080, Time: 00:16:58

Health: -4/63      AC:  3    Str: 20    XL:     6   Next: 35%
Magic:  6/6        EV:  5    Int: 10    God:    Trog [......]
Gold:   230        SH: 11    Dex: 10    Spells: 0 memorised, 5 levels left

rFire  . . .     SeeInvis .     r - +0 whip
rCold  . . .     Clarity  .     d - +0 animal skin
rNeg   . . .     SustAb   .     k - +0 large shield
rPois  .         Gourm    .     (helmet restricted)
rElec  .         Spirit   .     (no cloak)
rCorr  .         Warding  .     (gloves unavailable)
rMut   .         Stasis   .     (boots unavailable)
MR     .....                    (no amulet)
Stlth  +.........               (no ring)
                                (no ring)

@: very slightly contaminated, hasted (expiring), very quick, not resistant to
hostile enchantments, very unstealthy
A: unfitting armour, tough skin 1
a: Burn Spellbooks, Renounce Religion


You were on level 4 of the Dungeon.
You worshipped Trog.
Trog was noncommittal.
You were not hungry.

You visited 2 branches of the dungeon, and saw 5 of its levels.

You collected 230 gold pieces.

Inventory:

Hand weapons
 r - a +0 whip (weapon)
Missiles
 g - 3 large rocks (quivered)
 i - 25 stones
Armour
 d - a +0 animal skin (worn)
 k - a +0 large shield (worn)
Jewellery
 t - an uncursed amulet of stasis
Scrolls
 a - 3 scrolls of identify
 p - 2 scrolls of recharging
Potions
 j - a potion of resistance {unknown}
 n - a potion of brilliance
Comestibles
 f - a meat ration
 h - 2 slices of pizza
 m - a bread ration


   Skills:
 + Level 4.5 Fighting
 * Level 3.8 Maces & Flails
 + Level 5.5 Throwing
 + Level 3.0 Dodging
 - Level 1.6 Stealth
 + Level 0.3 Shields


You had 5 spell levels left.
You didn't know any spells.

Dungeon Overview and Level Annotations

Branches:
Dungeon (4/15)             Temple (1/1) D:4

Altars:
Fedhas
Gozag
Kikubaaqudgha
Makhleb
Nemelex Xobeh
Qazlal
Ru
Trog
Vehumet
Xom
Yredelemnul
Zin
The Shining One
Lugonu

Annotations:
D:4 exclusion: black bear, McCoppin's ghost, experienced NaGl


Innate Abilities, Weirdness & Mutations

You are too large for most types of armour.
You have tough skin (AC +1).


Message History

McCoppin's ghost is moderately damaged.
Your extra speed is starting to run out.
You block McCoppin's ghost's attack.
You closely miss McCoppin's ghost.
McCoppin's ghost is moderately damaged.
You block McCoppin's ghost's attack.
You hit McCoppin's ghost but do no damage.
McCoppin's ghost is moderately damaged.
McCoppin's ghost hits you!
* * * LOW HITPOINT WARNING * * *
You hit McCoppin's ghost but do no damage.
McCoppin's ghost is moderately damaged.
You barely miss McCoppin's ghost.
McCoppin's ghost is moderately damaged.
McCoppin's ghost hits you.
* * * LOW HITPOINT WARNING * * *
You hit McCoppin's ghost.
McCoppin's ghost is moderately damaged.
McCoppin's ghost hits you!
You die...

#.#.....# #<###...# ..
#.####..###..##...#.# #.#
#.......##.....# #.#
########..##..### ## #.#
#.......W.....# .# #.#
#.#######..#..#
.#######.###.#<.......#.##
......#....#.########(#.#
......#....'....@W(.((#.#
...........#.########...#
...........#.# ##..#
.......##.##.## #..#
##'#'#.##.##..## #..#
#.#.#.........#######..#
#.#.###.........)......#
#.#........#.♣.♣..####>#
##..........#..>...# ##


You could see McCoppin's ghost.

Vanquished Creatures
  2 worker ants (D:4)
  A hound (D:3)
  A hound skeleton (D:4)
  3 gnolls (D:3)
  5 adders
  A giant mite (D:4)
  5 worms
  2 giant geckos (D:3)
  A ball python (D:2)
  7 giant cockroaches
  11 goblins
  10 hobgoblins
  11 jackals (D:2)
  9 kobolds
  A ball python skeleton (D:4)
  12 bats
  7 giant newts
  A quokka skeleton (D:4)
  19 rats
109 creatures vanquished.

Notes
Turn   | Place    | Note
--------------------------------------------------------------
     0 | D:1      | karlm, the Ogre Hunter, began the quest for the Orb.
     0 | D:1      | Reached XP level 1. HP: 22/22 MP: 1/1
    69 | D:1      | Reached skill level 1 in Stealth
   157 | D:1      | Reached XP level 2. HP: 26/29 MP: 2/2
   484 | D:1      | Reached XP level 3. HP: 37/37 MP: 3/3
  1385 | D:2      | Found a radiant altar of Vehumet.
  1474 | D:2      | Reached XP level 4. HP: 36/48 MP: 4/4
  1913 | D:2      | Reached skill level 1 in Maces & Flails
  2157 | D:2      | Found a blossoming altar of Fedhas.
  2278 | D:2      | Reached skill level 5 in Throwing
  2915 | D:2      | Reached XP level 5. HP: 54/54 MP: 5/5
  3515 | D:3      | Found a glowing silver altar of Zin.
  3516 | D:3      | Noticed an angel
  3760 | D:3      | Found a burning altar of Makhleb.
  4527 | D:4      | Noticed McCoppin's ghost (experienced NaGl)
  4828 | D:4      | Noticed a black bear
  4919 | D:4      | Reached XP level 6. HP: 35/63 MP: 6/6
  5774 | D:4      | Found a staircase to the Ecumenical Temple.
  5810 | Temple   | Entered the Ecumenical Temple
  5844 | Temple   | Became a worshipper of Trog the Wrathful
  5966 | D:4      | Found a glowing golden altar of the Shining One.
  6079 | D:4      | HP: 3/63 [McCoppin's ghost (3)]
  6080 | D:4      | Slain by McCoppin's ghost

Action                   |  1- 3 |  4- 6 || total
-------------------------+-------+-------++-------
Melee: Short sword       |    74 |       ||    74
       Club              |    45 |   158 ||   203
       Whip              |       |   190 ||   190
Throw: Large rock        |    12 |    20 ||    32
       Stone             |    17 |    79 ||    96
       Javelin           |       |    12 ||    12
       Throwing net      |       |     4 ||     4
  Use: Scroll            |     4 |     2 ||     6
       Potion            |       |     6 ||     6
 Stab: Sleeping          |     1 |       ||     1
       Distracted        |       |     1 ||     1
  Eat: Chunk             |     2 |    11 ||    13
       Bread ration      |       |     1 ||     1
       Beef jerky        |       |     1 ||     1
